Map: 뉴 리퍼그넌시 - 래더

Players

PartinG

  • Race: Protoss Protoss
  • Spawn Location: 7:00

Hurricane - Winner!

  • Race: Protoss Protoss
  • Spawn Location: 1:00

Event: IEM Season 13: Katowice (2019)

VOD

Have the link to the VOD?

Description

Time

  • Played on: Feb. 26, 2019, 7:38 a.m.
  • Length: 5:24

All games in this series

Show
View Real Time Build Order
Export as new Build Order

PartinG Protoss 

Build Orders:  

Get SALT Encoding   

  1  0:00  Probe  
  12  0:04  Probe  
  14  0:16  Pylon  
  14  0:25  Probe  
  15  0:34  Forge  
  15  0:38  Probe  
  16  1:10  Pylon  
  16  1:17  Pylon  
  16  1:18  Pylon  
  16  1:26  Probe  
  16  1:31  Photon Cannon  
  16  1:42  Probe  
  16  1:46  Gateway  
  17  1:51  Photon Cannon, Gateway  
  17  1:58  Pylon  
  17  2:14  Photon Cannon  
  17  2:16  Gateway  
  17  2:23  Photon Cannon  
  17  2:24  Probe  
  17  2:25  Assimilator  
  17  2:26  Pylon  
  17  2:36  Pylon  
  16  2:44  Cybernetics Core  
  16  2:51  Assimilator  
  16  2:52  Probe  
  17  3:02  Pylon  
  17  3:03  Warp Gate  
  17  3:04  Probe  
  18  3:10  Stalker  
  18  3:16  Probe  
  21  3:28  Probe  
  21  3:31  Stalker  
  22  3:40  Probe  
  25  3:48  Pylon  
  25  3:55  Robotics Facility  
  25  3:56  Probe  
  26  4:05  Stalker  
  26  4:08  Probe  
  29  4:19  Gateway  
  29  4:27  Probe  
  33  4:50  Shield Battery  
  33  4:51  Sentry  
  35  5:03  Shield Battery  
Show
View Real Time Build Order
Export as new Build Order

Hurricane Protoss - Winner!

Build Orders:  

Get SALT Encoding   

  12  0:00  Probe  
  13  0:12  Probe  
  14  0:17  Pylon  
  14  0:24  Probe  
  15  0:32  Probe  
  15  0:37  Gateway  
  15  0:40  Probe  
  16  0:47  Assimilator  
  17  0:51  Probe  
  18  0:59  Assimilator  
  18  1:03  Probe  
  19  1:14  Pylon  
  19  1:15  Zealot, Probe  
  22  1:31  Cybernetics Core  
  22  1:37  Probe  
  23  1:50  Probe  
  24  1:57  Stalker  
  24  2:04  Warp Gate  
  24  2:05  Probe  
  27  2:17  Probe  
  28  2:32  Probe  
  29  2:40  Stalker  
  31  2:54  Pylon  
  31  3:02  Robotics Facility  
  31  3:05  Gateway  
  30  3:10  Gateway  
  29  3:15  Stalker  
  31  3:25  Shield Battery  
  31  3:39  Pylon  
  31  3:45  Warp Prism  
  31  3:46  Pylon  
  33  4:02  Stalker x2  
  36  4:05  Sentry  
  38  4:16  Observer  
  39  4:27  Stalker x2  
  39  4:29  Stalker  
  45  4:39  Observer  
  45  4:45  Pylon  
  46  4:58  Zealot x2  
  46  4:59  Zealot  
  48  5:19  Stalker x3  

Tags
 
Add a new tag
Caveats
  • Supply blocks, unpowered buildings, or Contaminate may cause inaccurate times.
  • Supply counts are checked every 10 seconds.